[Event "ICC tourney 1955 (60 10)"]
[Site "Internet Chess Club"]
[Date "2020.08.09"]
[Round "9"]
[White "jHanna"]
[Black "Natey"]
[Result "1-0"]
[ICCResult "Black checkmated"]
[WhiteElo "1886"]
[BlackElo "1654"]
[Opening "Grünfeld: exchange, Spassky variation"]
[ECO "D87"]
[NIC "GI.05"]
[Time "18:32:44"]
[TimeControl "3600+10"]

1. d4 Nf6 2. c4 g6 3. Nc3 d5 4. cxd5 Nxd5 5. e4 Nxc3 6. bxc3 Bg7 7. Bc4 c5
8. Ne2 O-O 9. O-O Nc6 10. Be3 Re8 11. Rc1 Qc7 12. Qd2 a6 13. f4 b5 14. Bb3
Bb7 15. f5 c4 16. fxg6 hxg6 17. Bc2 e6 18. Bg5 Qb6 19. Qf4 Rf8 20. Kh1 f6
21. Qg4 Ne7 22. Be3 f5 23. Qh4 Bf6 24. Bg5 Bxg5 25. Qxg5 Rf7 26. Rf4 Kf8 27.
Rh4 Ke8 28. Nf4 Rg7 29. Qf6 Rg8 30. Nxe6 Qc6 31. Rh7 Qd7 32. Qf7#
{Black checkmated}
1-0

[Event "ICC tourney 1955 (60 10)"]
[Site "Internet Chess Club"]
[Date "2020.08.09"]
[Round "9"]
[White "IndianTerritory"]
[Black "chesslead"]
[Result "1/2-1/2"]
[ICCResult "Game drawn by repetition"]
[WhiteElo "2000"]
[BlackElo "1991"]
[Opening "Philidor: Improved Hanham variation"]
[ECO "B07"]
[NIC "PU.08"]
[Time "18:31:41"]
[TimeControl "3600+10"]

1. e4 d6 2. d4 Nf6 3. Nc3 Nbd7 4. Nf3 e5 5. Bc4 Be7 6. O-O c6 7. Be3 b5 8.
Bd3 O-O 9. d5 b4 10. dxc6 bxc3 11. cxd7 Qxd7 12. bxc3 Bb7 13. Nd2 Rfc8 14.
c4 Ng4 15. Qe2 Nxe3 16. Qxe3 h6 17. g3 Bg5 18. f4 exf4 19. gxf4 Bf6 20. Rae1
Re8 21. Re2 Rac8 22. Rb1 Bc3 23. Qxa7 Rc7 24. Qe3 Qa4 25. Qb6 Rce7 26. Rb3
Bxd2 27. Rxd2 Qxa2 28. Qxd6 Qa7+ 29. Qb6 Qa1+ 30. Rb1 Qa8 31. e5 Qc8 32. Be2
f6 33. Bh5 fxe5 34. Bxe8 Qg4+ 35. Kf1 Qh3+ 36. Kg1 Qg4+ 37. Kf1 Qh3+ 38. Kg1
Qg4+ {Game drawn by repetition} 1/2-1/2

[Event "ICC tourney 1955 (60 10)"]
[Site "Internet Chess Club"]
[Date "2020.08.09"]
[Round "9"]
[White "aquilesboy"]
[Black "Coolio9000"]
[Result "1/2-1/2"]
[ICCResult "Game drawn by mutual agreement"]
[WhiteElo "1949"]
[BlackElo "1859"]
[Opening "Réti opening"]
[ECO "A30"]
[NIC "EO.35"]
[Time "18:31:33"]
[TimeControl "3600+10"]

1. Nf3 c5 2. c4 Nc6 3. Nc3 g6 4. d4 cxd4 5. Nxd4 Bg7 6. e3 Nf6 7. Be2 O-O 8.
O-O b6 9. Bf3 Bb7 10. Qa4 Na5 11. Bxb7 Nxb7 12. Rd1 Nc5 13. Qc2 Qc7 14. Bd2
a6 15. Rac1 Ng4 16. Nf3 Ne5 17. Nxe5 Qxe5 18. f4 Qe6 19. Nd5 Rac8 20. Bb4 d6
21. Bxc5 bxc5 22. Rf1 Rb8 23. b3 a5 24. Rb1 Rb7 25. Rf3 Qd7 26. f5 e6 27.
fxe6 fxe6 28. Rxf8+ Kxf8 29. Rf1+ Kg8 30. Nf6+ Bxf6 31. Rxf6 Kg7
{Game drawn by mutual agreement}
1/2-1/2

[Event "ICC tourney 1955 (60 10)"]
[Site "Internet Chess Club"]
[Date "2020.08.09"]
[Round "9"]
[White "Heliosis"]
[Black "jimjimmo"]
[Result "1/2-1/2"]
[ICCResult "Game drawn by mutual agreement"]
[WhiteElo "1864"]
[BlackElo "1959"]
[Opening "Caro-Kann: advance variation"]
[ECO "B12"]
[NIC "CK.04"]
[Time "18:31:57"]
[TimeControl "3600+10"]

1. e4 c6 2. d4 d5 3. e5 Bf5 4. h4 h5 5. Bd3 Bxd3 6. Qxd3 e6 7. Bg5 Be7 8.
Nf3 Nd7 9. O-O Nh6 10. Nbd2 Nf5 11. c4 Bxg5 12. hxg5 dxc4 13. Nxc4 Nb6 14.
g6 fxg6 15. Nd6+ Nxd6 16. exd6 Qf6 17. Ne5 O-O-O 18. Nxg6 Rh6 19. Ne7+ Kb8
20. Qa3 Nd5 21. Rac1 Rhh8 22. Rfe1 Nxe7 23. dxe7 Rd7 24. Qb3 Rxe7 25. Rxc6
Rf8 26. Qg3+ Ka8 27. Rd6 a6 28. f3 g5 29. Qe5 g4 30. Qxf6 Rxf6 31. fxg4 hxg4
32. g3 Rf3 33. Kg2 Rd3 34. d5 Rd2+ 35. Kg1 e5 36. Rg6 Rxd5 37. Rxg4 Rd2 38.
Rb4 Ka7 39. a3 b6 40. g4 a5 41. Rb3 e4 42. Rbe3 Rxb2 43. Rxe4 Rxe4 44. Rxe4
Rb3 45. Kf2 Rxa3 46. g5 Rd3 47. g6 Rd6 48. Rg4 Rd8 49. g7 Rg8 50. Ke3 Ka6
51. Kd3 Kb5 {Game drawn by mutual agreement} 1/2-1/2

[Event "ICC tourney 1955 (60 10)"]
[Site "Internet Chess Club"]
[Date "2020.08.09"]
[Round "9"]
[White "atevifred"]
[Black "tongchen"]
[Result "1/2-1/2"]
[ICCResult "Game drawn by mutual agreement"]
[WhiteElo "1889"]
[BlackElo "1975"]
[Opening "Grünfeld: exchange variation"]
[ECO "D85"]
[NIC "GI.04"]
[Time "18:32:34"]
[TimeControl "3600+10"]

1. d4 Nf6 2. c4 g6 3. Nc3 d5 4. cxd5 Nxd5 5. e4 Nxc3 6. bxc3 Bg7 7. Be3 c5
8. Bb5+ Bd7 9. Bxd7+ Nxd7 10. Qd2 Qa5 11. Nf3 O-O 12. O-O cxd4 13. cxd4 Qxd2
14. Bxd2 Nb6 15. Bb4 Rfe8 16. a4 Rad8 17. Rfd1 e6 18. Bc5 Bf8 19. Bxb6 axb6
20. Rab1 Rd6 21. Rdc1 Ra8 22. Rc7 Rxa4 23. Rxb7 Rc6 24. Ne5 Rb4 25. Rf1 Rc8
26. Nxf7 Rxd4 27. Ng5 Bc5 28. Nxh7 Rd2 29. Nf6+ Kf8 30. Nd7+ Kg8 31. Nxc5
bxc5 32. Rc1 c4 33. Kf1 Rf8 {Game drawn by mutual agreement} 1/2-1/2

[Event "ICC tourney 1955 (60 10)"]
[Site "Internet Chess Club"]
[Date "2020.08.09"]
[Round "9"]
[White "GutsyEdge"]
[Black "mmchan"]
[Result "1/2-1/2"]
[ICCResult "Game drawn by mutual agreement"]
[WhiteElo "2064"]
[BlackElo "1973"]
[Opening "Queen's gambit declined"]
[ECO "D30"]
[NIC "QP.08"]
[Time "18:32:42"]
[TimeControl "3600+10"]

1. d4 d5 2. c4 e6 3. Nf3 Nf6 4. g3 Bb4+ 5. Bd2 Bxd2+ 6. Qxd2 O-O 7. Nc3 b6
8. cxd5 Nxd5 9. Bg2 Nxc3 10. Qxc3 Bb7 11. Rc1 Nd7 12. O-O Rc8 13. Qa3 a5 14.
Rfd1 Nf6 15. Ne5 Bxg2 16. Kxg2 Qd5+ 17. f3 Qb5 18. Rd2 c5 19. dxc5 Rxc5 20.
Rxc5 bxc5 21. Rc2 Rc8 22. Nc4 Ra8 23. Nd6 Qb4 24. Qc3 Nd7 25. Ne4 h6 26. Rd2
Qxc3 27. bxc3 Ra7 28. Rd6 f5 29. Nd2 Kf7 30. f4 Ke7 31. Nc4 Nf6 32. Rb6 Nd5
33. Rb8 Nxc3 34. Ne5 Rc7 35. Rg8 Kf6 36. Rf8+ Ke7 37. Rf7+
{Game drawn by mutual agreement}
1/2-1/2

[Event "ICC tourney 1955 (60 10)"]
[Site "Internet Chess Club"]
[Date "2020.08.09"]
[Round "9"]
[White "Tombstone"]
[Black "WR3311"]
[Result "1-0"]
[ICCResult "Black resigns"]
[WhiteElo "2032"]
[BlackElo "1839"]
[Opening "QGD Slav: 3.Nf3"]
[ECO "D11"]
[NIC "SL.01"]
[Time "18:32:25"]
[TimeControl "3600+10"]

1. d4 d5 2. c4 c6 3. Nf3 Nf6 4. g3 dxc4 5. Bg2 b5 6. Ne5 Bb7 7. a4 Qc8 8. b3
c3 9. Nxc3 a6 10. O-O e6 11. Bf4 Bb4 12. Ne4 Nxe4 13. Bxe4 Nd7 14. Qc2 Nxe5
15. Bxe5 f6 16. Bf4 f5 17. Bg2 Qd7 18. Rac1 Rc8 19. e4 O-O 20. Rfd1 Ba3 21.
Ra1 Bd6 22. Bxd6 Qxd6 23. e5 Qe7 24. Qc5 Qd7 25. f4 Rfd8 26. a5 Kf7 27. b4
Rc7 28. Rac1 Rdc8 29. Rc2 Qd8 30. Kf2 Qd7 31. Ke3 Qd8 32. Rdc1 Qd7 33. d5
exd5 34. Bxd5+ Kg6 35. Bf3 Qe7 36. Qxe7 Rxe7 37. Bxc6 {Black resigns} 1-0

[Event "ICC tourney 1955 (60 10)"]
[Site "Internet Chess Club"]
[Date "2020.08.09"]
[Round "9"]
[White "sushi96"]
[Black "ShadowApt"]
[Result "1/2-1/2"]
[ICCResult "Game drawn by mutual agreement"]
[WhiteElo "1964"]
[BlackElo "2088"]
[Opening "King's Indian: Kramer system"]
[ECO "E70"]
[NIC "KI.52"]
[Time "18:32:01"]
[TimeControl "3600+10"]

1. d4 Nf6 2. c4 g6 3. Nc3 Bg7 4. e4 d6 5. Nge2 O-O 6. f3 c5 7. d5 e6 8. Ng3
exd5 9. cxd5 Re8 10. Be2 h5 11. Bg5 a6 12. a4 Qa5 13. O-O Nbd7 14. Qc1 Nh7
15. Bh6 Bd4+ 16. Be3 Be5 17. f4 Bxc3 18. bxc3 h4 19. Nh1 Rxe4 20. f5 Ne5 21.
fxg6 fxg6 22. c4 Bf5 23. Nf2 h3 24. g3 Rxe3 25. Qxe3 Nf6 26. Nxh3 Re8 27.
Rxf5 Nf7 28. Qf3 gxf5 {Game drawn by mutual agreement} 1/2-1/2

[Event "ICC tourney 1955 (60 10)"]
[Site "Internet Chess Club"]
[Date "2020.08.09"]
[Round "9"]
[White "amp1997"]
[Black "LawrenceTu"]
[Result "1-0"]
[ICCResult "Black resigns"]
[WhiteElo "2102"]
[BlackElo "1889"]
[Opening "Sicilian: Najdorf, Lipnitzky attack"]
[ECO "B86"]
[NIC "SI.13"]
[Time "18:31:57"]
[TimeControl "3600+10"]

1. e4 c5 2. Nf3 d6 3. d4 cxd4 4. Nxd4 Nf6 5. Nc3 a6 6. Bc4 e6 7. f3 Nbd7 8.
Be3 Nc5 9. Qd2 Be7 10. g4 Bd7 11. h4 h6 12. O-O-O b5 13. Be2 Qc7 14. g5 hxg5
15. hxg5 Nh5 16. f4 g6 17. Bf3 Rc8 18. Kb1 b4 19. Nce2 a5 20. Ng3 Na4 21. f5
e5 22. Nb3 Rg8 23. Nxh5 gxh5 24. Bxh5 Bc6 25. Bf3 Nc5 26. Nxc5 dxc5 27. Qh2
c4 28. Qh7 Rf8 29. g6 fxg6 30. Qxg6+ Rf7 31. Rh8+ Bf8 32. Qe6+ {Black
resigns} 1-0

[Event "ICC tourney 1955 (60 10)"]
[Site "Internet Chess Club"]
[Date "2020.08.09"]
[Round "9"]
[White "xyzchessdude"]
[Black "movingkid"]
[Result "1/2-1/2"]
[ICCResult "Game drawn by mutual agreement"]
[WhiteElo "2043"]
[BlackElo "1785"]
[Opening "Réti opening"]
[ECO "A30"]
[NIC "QP.10"]
[Time "18:32:18"]
[TimeControl "3600+10"]

1. Nf3 c5 2. c4 d6 3. g3 Nc6 4. Bg2 g6 5. Nc3 Bg7 6. d3 Nf6 7. Bg5 O-O 8.
Qd2 Be6 9. Bh6 a6 10. Bxg7 Kxg7 11. Ng5 Bf5 12. O-O Qd7 13. Nd5 Rab8 14.
Nxf6 exf6 15. Ne4 b5 16. b3 b4 17. Qb2 Bxe4 18. Bxe4 a5 19. e3 h5 20. h4 a4
21. Bg2 a3 22. Qd2 Ne7 23. d4 Qc7 24. Rfd1 f5 25. Rac1 Rfd8 26. Rc2 Rbc8 27.
Qc1 Ng8 28. Qa1 Nf6 29. Re1 Re8 30. Rd1 Red8 31. Re1 Re8 32. Rcc1 Rcd8 33.
Red1 Rc8 34. Rd3 Rcd8 35. Rc2 Qe7 {Game drawn by mutual agreement} 1/2-1/2

[Event "ICC tourney 1955 (60 10)"]
[Site "Internet Chess Club"]
[Date "2020.08.09"]
[Round "9"]
[White "GenerousSW"]
[Black "FL2009"]
[Result "1/2-1/2"]
[ICCResult "Game drawn by mutual agreement"]
[WhiteElo "1991"]
[BlackElo "1804"]
[Opening "Ruy Lopez: Berlin defense, open variation"]
[ECO "C67"]
[NIC "RL.07"]
[Time "18:32:03"]
[TimeControl "3600+10"]

1. e4 e5 2. Nf3 Nc6 3. Bb5 Nf6 4. O-O Nxe4 5. d4 Nd6 6. Bxc6 dxc6 7. Nxe5
Be7 8. Re1 O-O 9. h3 Re8 10. Nc3 Bf6 11. Nf3 Rxe1+ 12. Qxe1 Bf5 13. Qe2 Qd7
14. Be3 Re8 15. Re1 h6 16. Na4 b6 17. c4 Bh7 18. Nc3 Nf5 19. Qd2 Rd8 20. Rd1
Nd6 21. b3 Ne4 22. Nxe4 Bxe4 23. Nh2 h5 24. Qe2 Bg6 25. Rd2 Qf5 26. Nf3 h4
27. Nh2 c5 28. d5 Re8 29. Qg4 Bc3 30. Qxf5 Bxf5 31. Rd1 f6 32. Nf3 g5 33.
Kf1 {Game drawn by mutual agreement} 1/2-1/2

[Event "ICC tourney 1955 (60 10)"]
[Site "Internet Chess Club"]
[Date "2020.08.09"]
[Round "9"]
[White "fluffypillow73"]
[Black "AHSRULES"]
[Result "0-1"]
[ICCResult "White resigns"]
[WhiteElo "2021"]
[BlackElo "1855"]
[Opening "Sicilian: accelerated fianchetto, Gurgenidze variation"]
[ECO "A16"]
[NIC "EO.64"]
[Time "18:31:58"]
[TimeControl "3600+10"]

1. c4 Nf6 2. Nc3 g6 3. e4 c5 4. Nf3 Nc6 5. d4 cxd4 6. Nxd4 Nxd4 7. Qxd4 d6
8. Be2 Bg7 9. Be3 O-O 10. Qd2 Be6 11. O-O Qa5 12. f3 Rfc8 13. b3 a6 14. a4
Nd7 15. Rfc1 Nc5 16. Rab1 Qb4 17. Qc2 Bxc3 18. Qxc3 Qxc3 19. Rxc3 f5 20.
exf5 Bxf5 21. Rd1 b6 22. g4 Bd7 23. Bg5 Nxb3 24. Rxb3 Bxa4 25. Rxb6 Bxd1 26.
Bxd1 Rcb8 27. Rxb8+ Rxb8 28. Kf2 Rb1 29. Ke2 Kf8 30. Kd2 Ra1 31. Bc2 a5 32.
Be3 a4 33. Bd4 Rh1 34. Bxa4 Rxh2+ 35. Kd3 h5 36. gxh5 gxh5 37. Ke4 h4 38. f4
h3 39. Kf3 Rd2 40. Bg1 h2 41. Bxh2 Rxh2 42. Bd7 Rc2 43. Be6 Kg7 44. Ke3 Kf6
45. f5 Ke5 46. Kf3 Rc3+ 47. Kg4 Rd3 48. Bf7 Kf6 49. Be6 Re3 50. Bd5 Re5 51.
Be6 Rxe6 52. fxe6 Kxe6 53. Kf4 d5 54. c5 Kd7 55. Ke5 Kc6 {White resigns} 0-1

[Event "ICC tourney 1955 (60 10)"]
[Site "Internet Chess Club"]
[Date "2020.08.09"]
[Round "9"]
[White "BadWolf"]
[Black "leojiang"]
[Result "1-0"]
[ICCResult "Black resigns"]
[WhiteElo "2010"]
[BlackElo "1861"]
[Opening "Nimzo-Indian: Fischer variation, 5.Ne2"]
[ECO "E44"]
[NIC "NI.13"]
[Time "18:32:13"]
[TimeControl "3600+10"]

1. d4 Nf6 2. c4 e6 3. Nc3 Bb4 4. e3 b6 5. Ne2 Bb7 6. a3 Be7 7. Nf4 c5 8. d5
exd5 9. cxd5 d6 10. Bd3 Nbd7 11. Bc2 a6 12. a4 Ne5 13. Nfe2 O-O 14. O-O Qd7
15. Ng3 b5 16. f4 Ng6 17. Bf5 Qd8 18. axb5 axb5 19. Rxa8 Qxa8 20. e4 b4 21.
Nb1 Bc8 22. Nd2 Re8 23. Nc4 Qa6 24. Qd3 Bxf5 25. Nxf5 Rd8 26. b3 Qb7 27. Bb2
Ne8 28. Na5 Qb6 29. Nc6 Rd7 30. Ra1 c4+ 31. Qd4 Qxd4+ 32. Bxd4 c3 33. Ra8
{Black resigns}
1-0

[Event "ICC tourney 1955 (60 10)"]
[Site "Internet Chess Club"]
[Date "2020.08.09"]
[Round "9"]
[White "aauman"]
[Black "skywise"]
[Result "0-1"]
[ICCResult "White resigns"]
[WhiteElo "1580"]
[BlackElo "1734"]
[Opening "King's Indian, 3.Nf3"]
[ECO "E60"]
[NIC "QP.06"]
[Time "18:31:54"]
[TimeControl "3600+10"]

1. Nf3 Nf6 2. d4 g6 3. c4 Bg7 4. g3 O-O 5. Nc3 d5 6. b3 c5 7. Bg2 Nc6 8. O-O
cxd4 9. Nb5 dxc4 10. Nbxd4 Nxd4 11. Nxd4 Nh5 12. Bb2 Qb6 13. Rb1 Rd8 14. Qc2
Bxd4 15. Ba3 Qf6 16. bxc4 Bf5 17. e4 Bd7 18. Rxb7 Qa6 19. Bxe7 Qxb7 20. e5
Bc6 21. Bxd8 Bxg2 22. Rb1 Qf3 23. Rb3 Qc6 24. Bf6 Bh1 25. Kf1 Qg2+ 26. Ke1
Qg1+ 27. Kd2 Qxf2+ 28. Kc1 Qe1+ 29. Qd1 Be3+ 30. Rxe3 Qxe3+ 31. Qd2 Qxd2+
32. Kxd2 Nxf6 {White resigns} 0-1

[Event "ICC tourney 1955 (60 10)"]
[Site "Internet Chess Club"]
[Date "2020.08.09"]
[Round "9"]
[White "ShaunTracey"]
[Black "smilingfloor"]
[Result "0-1"]
[ICCResult "White resigns"]
[WhiteElo "1838"]
[BlackElo "1954"]
[Opening "Sicilian: closed"]
[ECO "B23"]
[NIC "SI.44"]
[Time "18:32:07"]
[TimeControl "3600+10"]

1. e4 c5 2. Nc3 d6 3. f4 Nf6 4. Nf3 Nc6 5. Bb5 e6 6. Bxc6+ bxc6 7. O-O Be7
8. d3 O-O 9. b3 Qb6 10. Kh1 Re8 11. Qe1 Bf8 12. Qh4 Be7 13. Qh3 Bd7 14. Bd2
Red8 15. e5 Nd5 16. Ne4 Qc7 17. exd6 Bxd6 18. Nxd6 Qxd6 19. Ne5 a5 20. a4
Nb4 21. Rac1 Be8 22. Bc3 Na2 23. Nc4 Qc7 24. Be5 Qe7 25. Rce1 Nb4 26. Bb2
Nxc2 27. Re5 Nb4 28. Rf3 Rd5 29. Qg3 f6 30. Re1 Rad8 31. Rd1 Bh5 32. Nb6
Bxf3 33. Qxf3 Rxd3 34. Rxd3 Rxd3 35. Qe2 Qd6 36. h4 Rd1+ 37. Kh2 Qxf4+
{White resigns}
0-1

[Event "ICC tourney 1955 (60 10)"]
[Site "Internet Chess Club"]
[Date "2020.08.09"]
[Round "9"]
[White "TDogg"]
[Black "Mozart1"]
[Result "1-0"]
[ICCResult "Black checkmated"]
[WhiteElo "2033"]
[BlackElo "1869"]
[Opening "Giuoco Piano"]
[ECO "C54"]
[NIC "IG.02"]
[Time "18:32:31"]
[TimeControl "3600+10"]

1. e4 e5 2. Nf3 Nc6 3. Bc4 Bc5 4. c3 Nf6 5. d3 d6 6. h3 h6 7. O-O O-O 8. Re1
Bb6 9. Nbd2 Na5 10. Bb5 a6 11. Ba4 c5 12. Nf1 Bc7 13. Ng3 b5 14. Bc2 Re8 15.
d4 cxd4 16. cxd4 Nc6 17. Be3 Nb4 18. Bb1 a5 19. a3 Na6 20. Qd2 Rb8 21. b4
Be6 22. d5 Bd7 23. Bxh6 Nh7 24. Be3 Bb6 25. Bd3 Bxe3 26. Rxe3 Qb6 27. Rb1
Rec8 28. Nh4 Rc7 29. Ngf5 Bxf5 30. Nxf5 f6 31. Rg3 Kh8 32. Qe2 Qb7 33. Nxd6
Qb6 34. Nf5 axb4 35. axb4 Qb7 36. Qg4 Rg8 37. d6 Rd7 38. Ne7 Rxd6 39. Ng6#
{Black checkmated}
1-0

[Event "ICC tourney 1955 (60 10)"]
[Site "Internet Chess Club"]
[Date "2020.08.09"]
[Round "9"]
[White "omegablitz"]
[Black "xx99754539"]
[Result "0-1"]
[ICCResult "White resigns"]
[WhiteElo "1729"]
[BlackElo "1959"]
[Opening "Grünfeld: modern exchange variation"]
[ECO "D85"]
[NIC "GI.04"]
[Time "18:32:39"]
[TimeControl "3600+10"]

1. d4 Nf6 2. c4 g6 3. Nc3 d5 4. cxd5 Nxd5 5. e4 Nxc3 6. bxc3 Bg7 7. Nf3 O-O
8. Bc4 c5 9. O-O Nc6 10. Be3 Qa5 11. Qb3 e6 12. Rac1 Rd8 13. dxc5 Qc7 14.
Rfd1 Na5 15. Qb4 Nxc4 16. Qxc4 Bd7 17. Qb3 Bc6 18. Qc4 Qa5 19. Rd6 Bf8 20.
Rxd8 Rxd8 21. Ne5 Bg7 22. Nxc6 bxc6 23. h3 h6 24. Bd4 Bxd4 25. cxd4 Qd2 26.
d5 exd5 27. exd5 Rxd5 28. Qc3 Qxa2 29. Ra1 Rxc5 30. Qf6 Qb3 31. Rxa7 Rc1+
32. Kh2 Qb8+ {White resigns} 0-1

[Event "ICC tourney 1955 (60 10)"]
[Site "Internet Chess Club"]
[Date "2020.08.09"]
[Round "9"]
[White "kapilank"]
[Black "Jonjons"]
[Result "1/2-1/2"]
[ICCResult "Game drawn by mutual agreement"]
[WhiteElo "1899"]
[BlackElo "1731"]
[Opening "Ruy Lopez: Berlin defense, Mortimer variation"]
[ECO "C65"]
[NIC "RL.07"]
[Time "18:32:43"]
[TimeControl "3600+10"]

1. e4 e5 2. Nf3 Nc6 3. Bb5 Nf6 4. d3 Ne7 5. O-O Ng6 6. Nbd2 a6 7. Bc4 Be7 8.
a3 O-O 9. Re1 c6 10. Ba2 Qc7 11. Nc4 b5 12. Ne3 Bb7 13. Nf5 Bd8 14. Be3 d6
15. Bd2 a5 16. h3 Bc8 17. Ng3 Be6 18. c3 d5 19. d4 dxe4 20. Nxe4 Nxe4 21.
Rxe4 Bf5 22. Re1 exd4 23. Nxd4 Bd7 24. Qf3 Bf6 25. Nb3 c5 26. Be3 c4 27. Nd4
Ne5 28. Qg3 Qb7 29. Bb1 Rfe8 30. Bc2 Ng6 31. Rad1 Be5 32. Qf3 Qxf3 33. Nxf3
Bc6 34. Nd4 Bd7 35. Nf3 Bc6 {Game drawn by mutual agreement} 1/2-1/2

[Event "ICC tourney 1955 (60 10)"]
[Site "Internet Chess Club"]
[Date "2020.08.09"]
[Round "9"]
[White "sgangavarapu"]
[Black "aarushnaveen"]
[Result "1/2-1/2"]
[ICCResult "Game drawn because neither player has mating material"]
[WhiteElo "1818"]
[BlackElo "1691"]
[Opening "Neo-Grünfeld, 5.cd"]
[ECO "D71"]
[NIC "KI.80"]
[Time "18:32:06"]
[TimeControl "3600+10"]

1. d4 Nf6 2. c4 g6 3. g3 Bg7 4. Bg2 d5 5. cxd5 Nxd5 6. Nf3 Nb6 7. Nc3 Nc6 8.
e3 O-O 9. O-O Re8 10. Re1 a5 11. Qc2 e5 12. dxe5 Nxe5 13. Nxe5 Bxe5 14. Bd2
Bf5 15. e4 Be6 16. Rad1 Qe7 17. f4 Bd4+ 18. Be3 Bxe3+ 19. Rxe3 Qc5 20. Qf2
Rad8 21. Red3 Qxf2+ 22. Kxf2 Rxd3 23. Rxd3 Nd7 24. Nd5 Bxd5 25. Rxd5 Nf6 26.
Rd4 b6 27. e5 Ng4+ 28. Kg1 Nh6 29. Rd7 Nf5 30. Be4 c5 31. Rb7 Rd8 32. Bxf5
gxf5 33. Rxb6 Rd2 34. a4 Rd4 35. Rb5 Rxa4 36. Rxc5 Ra2 37. Rb5 a4 38. b3 a3
39. Ra5 h5 40. Ra7 Kf8 41. b4 h4 42. gxh4 Rb2 43. Rxa3 Rxb4 44. Rf3 Ke7 45.
Kg2 f6 46. e6 Kxe6 47. Kg3 Kf7 48. h5 Kg7 49. Rd3 Kh6 50. Rd5 Kxh5 51. Rxf5+
Kg6 52. Rc5 Rb3+ 53. Kg4 Rb2 54. h4 f5+ 55. Rxf5 Rg2+ 56. Kf3 Kxf5 57. Kxg2
Kxf4 58. h5 Kg5 59. h6 Kxh6
{Game drawn because neither player has mating material}
1/2-1/2

[Event "ICC tourney 1955 (60 10)"]
[Site "Internet Chess Club"]
[Date "2020.08.09"]
[Round "9"]
[White "clydedrexler22"]
[Black "Chessking2008"]
[Result "0-1"]
[ICCResult "White resigns"]
[WhiteElo "1848"]
[BlackElo "2151"]
[Opening "Queen's pawn: London system"]
[ECO "A45"]
[NIC "QP.07"]
[Time "18:32:24"]
[TimeControl "3600+10"]

1. d4 Nf6 2. Bf4 d5 3. e3 c5 4. Nc3 cxd4 5. exd4 Bf5 6. Nb5 Na6 7. c3 e6 8.
h3 Be7 9. Nf3 O-O 10. Be2 Ne4 11. O-O Nd6 12. a4 Nc7 13. Qb3 a6 14. Nxc7
Qxc7 15. Ne5 f6 16. Nd3 Qc4 17. Qd1 Qc6 18. Nb4 Qd7 19. Qb3 Rfc8 20. Rfe1
Nc4 21. Bf3 Kh8 22. Re2 b5 23. axb5 axb5 24. Rae1 Na5 25. Qd1 Bxb4 26. cxb4
Nc6 27. g4 Be4 28. Bxe4 dxe4 29. Rxe4 Re8 30. d5 exd5 31. Qxd5 Qxd5 32.
Rxe8+ Rxe8 33. Rxe8+ Qg8 34. Rxg8+ Kxg8 35. Bd2 Kf7 36. Kf1 Ke6 37. Ke2 Kd5
38. Kd3 Ne5+ 39. Kc2 Ke4 40. f4 Nf3 41. f5 Nxd2 42. Kxd2 h5 43. Kc3 h4 44.
Kd2 Kf3 45. Kd3 Kg3 46. Ke3 Kxh3 47. Kf3 Kh2 48. Kf2 Kh3 49. Kf3 Kh2 50. Kf2
h3 51. b3 Kh1 52. Kg3 Kg1 53. Kxh3 Kf2 54. Kh4 Kf3 55. Kh3 Ke4 56. Kg3 Ke3
57. g5 Ke4 58. Kg4 Ke5 59. gxf6 gxf6 60. Kg3 Kxf5 61. Kf3 Ke5 62. Ke3 f5 63.
Kf3 Kd4 64. Kf4 Kc3 65. Kxf5 Kxb4 66. Ke4 Kxb3 67. Kd3 b4 {White resigns}
0-1

[Event "ICC tourney 1955 (60 10)"]
[Site "Internet Chess Club"]
[Date "2020.08.09"]
[Round "9"]
[White "cdj12417489"]
[Black "alphachesplayer"]
[Result "0-1"]
[ICCResult "White resigns"]
[WhiteElo "1299"]
[BlackElo "1716"]
[Opening "Scotch game"]
[ECO "C45"]
[NIC "SO.05"]
[Time "18:31:55"]
[TimeControl "3600+10"]

1. e4 e5 2. Nf3 Nc6 3. d4 exd4 4. Nxd4 Bc5 5. Nxc6 Qf6 6. Qe2 dxc6 7. Nd2
Be6 8. Nf3 h6 9. Qd3 Rd8 10. Qe2 Ne7 11. c3 Ng6 12. g3 Bg4 13. Bg2 Ne5 14.
Bf4 Nd3+ 15. Kf1 Nxf4 16. gxf4 Qxf4 17. h3 Bxf3 18. Qxf3 Qe5 19. Qe2 O-O 20.
h4 f5 21. Qh5 Rd2 22. Ke1 Rxf2 23. Bf3 Qf4 24. Rd1 Rxf3 25. Rd4 Qe3+ 26. Kd1
Bxd4 27. Kc2 Qxe4+ 28. Kb3 Qd5+ 29. Kc2 Rf2+ 30. Kc1 Be3+ 31. Kb1 Qxh1+
{White resigns}
0-1

[Event "ICC tourney 1955 (60 10)"]
[Site "Internet Chess Club"]
[Date "2020.08.09"]
[Round "9"]
[White "Mengocat"]
[Black "carlsthe1"]
[Result "0-1"]
[ICCResult "White resigns"]
[WhiteElo "1904"]
[BlackElo "2101"]
[Opening "Sicilian: Nimzovich-Rossolimo attack (with ...g6, without ...d6)"]
[ECO "B31"]
[NIC "SI.31"]
[Time "18:32:24"]
[TimeControl "3600+10"]

1. e4 c5 2. Nf3 Nc6 3. Bb5 g6 4. c3 Bg7 5. O-O Nf6 6. e5 Nd5 7. d4 cxd4 8.
cxd4 O-O 9. Nc3 Nc7 10. Bxc6 dxc6 11. h3 Bf5 12. Be3 Qd7 13. Qe2 Rad8 14.
Rfd1 Nd5 15. Nxd5 Qxd5 16. b3 h6 17. Rac1 b6 18. b4 Rc8 19. a3 Rfd8 20. Ne1
Qb5 21. Qf3 Qa4 22. g4 Be6 23. Rd3 g5 24. Qg3 f6 25. f4 c5 26. dxc5 Rxd3 27.
Nxd3 Qxa3 28. Bd2 Rd8 29. Rc3 Qa2 30. Qe3 gxf4 31. Nxf4 Rxd2 32. Nxe6 Rd1+
{White resigns}
0-1

[Event "ICC tourney 1955 (60 10)"]
[Site "Internet Chess Club"]
[Date "2020.08.09"]
[Round "9"]
[White "alecchung3"]
[Black "pianopro32"]
[Result "1-0"]
[ICCResult "Black resigns"]
[WhiteElo "1892"]
[BlackElo "1980"]
[Opening "English: Sicilian reversed"]
[ECO "A25"]
[NIC "EO.20"]
[Time "18:31:36"]
[TimeControl "3600+10"]

1. c4 e5 2. Nc3 Nc6 3. g3 f5 4. Bg2 Nf6 5. e3 d5 6. cxd5 Nb4 7. d3 Nfxd5 8.
Nxd5 Nxd5 9. Nf3 Bb4+ 10. Bd2 Qd6 11. O-O O-O 12. a3 Bxd2 13. Qxd2 c6 14. e4
Nf6 15. Rfe1 Re8 16. Rad1 Be6 17. Qc3 Rad8 18. Nxe5 fxe4 19. Bxe4 Nxe4 20.
dxe4 Qxd1 21. Rxd1 Rxd1+ 22. Kg2 Rdd8 23. Qa5 Bd5 24. exd5 Rxd5 25. Qxa7
Rexe5 26. Qxb7 Re2 27. Qxc6 Rdd2 28. Qc4+ Kf8 29. Qc5+ Kf7 30. b4 Rc2 31.
Qf5+ Ke7 32. b5 Kd6 33. a4 Kc7 34. a5 Ra2 35. Qf3 Reb2 36. h4 h6 37. b6+ Kb8
38. Qf8+ Kb7 39. Qxg7+ Ka6 40. Qa7+ Kb5 41. b7 {Black resigns} 1-0

[Event "ICC tourney 1955 (60 10)"]
[Site "Internet Chess Club"]
[Date "2020.08.09"]
[Round "9"]
[White "raghuraja"]
[Black "MateOnF7"]
[Result "0-1"]
[ICCResult "White resigns"]
[WhiteElo "1770"]
[BlackElo "1920"]
[Opening "Benkö gambit half accepted"]
[ECO "A57"]
[NIC "BI.43"]
[Time "18:32:44"]
[TimeControl "3600+10"]

1. d4 Nf6 2. c4 c5 3. d5 b5 4. cxb5 a6 5. e3 d6 6. bxa6 Bxa6 7. Bxa6 Nxa6 8.
Nc3 g6 9. Nf3 Bg7 10. O-O O-O 11. e4 Qb6 12. Qe2 Rfb8 13. Rb1 Nd7 14. Na4
Qb4 15. Qc2 Nc7 16. b3 Rxa4 17. Nd2 Ra7 18. Nc4 Nb5 19. Bd2 Bc3 20. a3 Nxa3
21. Nxa3 Bxd2 22. Nc4 Bh6 23. f4 Bg7 24. f5 Rba8 25. fxg6 fxg6 26. Qf2 Bd4
27. Ne3 Rf8 {White resigns} 0-1